 Dungeon Crawl Stone Soup version 0.29.1-12-g30fa7ad0bf (webtiles) character file.

Game seed: 595265925525943152

31382 sanboga the Severer (level 13, -8/186 HPs)
             Began as a Minotaur Berserker on Dec 16, 2022.
             Was a High Priest of Trog.
             Mangled by a two-headed ogre
             ... wielding a +0 giant spiked club
              (25 damage)
             ... on level 13 of the Dungeon.
             The game lasted 00:13:12 (17668 turns).

sanboga the Severer (Minotaur Berserker)           Turns: 17668, Time: 00:13:12

Health: -8/186     AC: 19    Str: 31    XL:     13   Next: 25%
Magic:  0/12       EV: 13    Int:  4    God:    Trog [*****.]
Gold:   850        SH:  0    Dex: 12    Spells: 12/12 levels left

rFire   . . .      SeeInvis .   y - +6 war axe
rCold   . . .      Faith    .   (no shield)
rNeg    . . .      Spirit   +   p - +0 plate armour
rPois   .          Reflect  .   (helmet restricted)
rElec   .          Harm     .   (no cloak)
rCorr   .          Rampage  .   u - +0 pair of gloves
Will    .....                   j - +0 pair of boots
Stlth   ..........              D - amulet of guardian spirit
HPRegen 0.41/turn               k - +6 ring of strength
MPRegen 0.13/turn               B - +4 ring of evasion

@: berserking, slowed, studying Staves
A: horns 2, retaliatory headbutt
a: Renounce Religion, Berserk, Trog's Hand, Brothers in Arms


You were on level 13 of the Dungeon.
You worshipped Trog.
Trog was extremely pleased with you.
You visited 2 branches of the dungeon, and saw 14 of its levels.
You also visited: Sewer.

You collected 850 gold pieces.

Inventory:

Hand Weapons
 w - a +0 battleaxe
 y - a +6 war axe (weapon)
Armour
 j - a +0 pair of boots (worn)
 p - a +0 plate armour (worn)
 u - a +0 pair of gloves (worn)
Jewellery
 k - a +6 ring of strength (left hand)
 z - a ring of see invisible
 B - a +4 ring of evasion (right hand)
 D - an amulet of guardian spirit (around neck)
Wands
 a - a wand of paralysis (6)
 h - a wand of polymorph (9)
 q - a wand of flame (35)
 s - a wand of acid (3)
 A - a wand of mindburst (3)
Scrolls
 d - 2 scrolls of butterflies {unknown}
 g - 4 scrolls of teleportation
 m - 3 scrolls of immolation {unknown}
 r - 3 scrolls of fear
 x - 2 scrolls of enchant armour
 C - 2 scrolls of identify
Potions
 b - a potion of invisibility
 c - 6 potions of flight
 e - 4 potions of resistance
 f - 6 potions of heal wounds
 i - 2 potions of mutation
 l - a potion of ambrosia {unknown}
 n - 3 potions of curing
 o - 4 potions of might
 t - a potion of berserk rage
 v - a potion of cancellation


   Skills:
 + Level 14.1 Fighting
 * Level 19.1 Axes
 + Level 13.8 Armour
 - Level 2.1 Dodging


You had 12 spell levels left.
You didn't know any spells.
Your spell library was empty.

Dungeon Overview and Level Annotations

Branches:
Dungeon (13/15)            Temple (0/1) D:7            Lair (1/5) D:9
    Orc (0/2) D:12          Sewer (visited)
 Vaults: D:13-14

Altars:
Ashenzari
Elyvilon
Fedhas
Kikubaaqudgha
Qazlal
Sif Muna
Wu Jian
Yredelemnul
The Shining One


Innate Abilities, Weirdness & Mutations

You have a pair of horns on your head.
You reflexively headbutt those who attack you in melee.


Message History

The two-headed ogre hits you but does no damage.
The two-headed ogre hits you with a +0 giant club!!
The skeletal warrior completely misses you.
You are too injured to fight recklessly!
You are too injured to fight recklessly!
You are too injured to fight recklessly!
You slice the centaur warrior skeleton!!
You feel the power of Trog in you as your rage grows.
You destroy the centaur warrior skeleton!
Trog accepts your kill.
You slice the centaur warrior skeleton!!
You feel the power of Trog in you as your rage grows.
You destroy the centaur warrior skeleton!
Trog accepts your kill.
You slice the two-headed ogre!! You slash the two-headed ogre!
You slash the skeletal warrior!
Your Fighting skill increases to level 14!
You hit the skeletal warrior.
The skeletal warrior is almost destroyed.
You barely miss the two-headed ogre. You slice the two-headed ogre!!
You kill the two-headed ogre!
Trog accepts your kill.
The skeletal warrior hits you with a +0 mace.
Your Axes skill increases to level 19!
You slice the skeletal warrior!!
You destroy the skeletal warrior!
Trog accepts your kill.
You slice the two-headed ogre!!
The two-headed ogre hits you with a +0 giant spiked club!!
* * * LOW HITPOINT WARNING * * *
The two-headed ogre hits you with a +0 giant club.
* * * LOW HITPOINT WARNING * * *
You barely miss the two-headed ogre.
The two-headed ogre is almost dead.
You barely miss the two-headed ogre. You headbutt the two-headed ogre.
The two-headed ogre is almost dead.
The two-headed ogre hits you with a +0 giant spiked club!!
* * * LOW HITPOINT WARNING * * *
The two-headed ogre hits you with a +0 giant club!!
You die...

###.#### #..#######.#
..[....# .. #..# .. #.#
#.###...# . #.)##. #.# #.#
####. #.#.)#.# .#.# ..##
#..##.#).#.##..#.#
#.<###..# #..........# #.#
#.......#####.#..#.#####.#
#..............O.).......#
....##.........)@.......
...## .#####.#))#.#####
...# # #.....))...#
.#.######..##.#..#.##..
.#......# #.#).#.# .#
....##..# . #..# . #
#...###.# .. #(.# ..
##.###..# ## ##).## ##
##..##..### #....#


You could see a two-headed ogre.

Vanquished Creatures
  Josephine (D:12)
  5 hydras
  An ogre mage (D:13)
  3 two-headed ogres
  7 death yaks (D:9)
  6 skeletal warriors (D:13)
  A flayed ghost (D:10)
  3 deep elf zephyrmancers (D:13)
  A manticore (D:12)
  3 cyclopes
  2 gargoyles
  4 centaur skeletons (D:13)
  A yaktaur (D:10)
  A kobold demonologist (D:13)
  An efreet (D:13)
  A komodo dragon (D:11)
  5 trolls
  9 slime creatures
  A shadow (D:10)
  15 yaks
  4 wraiths
  A basilisk (D:12)
  4 vampire mosquitoes
  Menkaure (D:4)
  A steam dragon (D:6)
  An acid dragon (D:11)
  2 water moccasins (D:7)
  8 orc warriors
  An ice beast (D:7)
  3 ogres
  7 centaurs
  A phantom (D:4)
  7 kobold brigands
  2 gnoll sergeants (D:12)
  4 bullfrogs
  3 scorpions
  15 wights
  7 killer bees
  A howler monkey (D:11)
  3 hounds
  6 jellies
  6 orc priests
  3 gnoll boudas
  A scorpion zombie (D:3)
  16 orc wizards
  Robin (D:3)
  17 gnolls
  3 river rats
  10 adders
  3 shadow imps
  A white imp (D:6)
  2 ufetubi
  2 dart slugs
  47 orcs
  12 ball pythons
  19 endoplasms
  14 giant cockroaches
  18 goblins
  4 hobgoblins
  3 jackals (D:2)
  5 quokkas
  A ball python zombie (D:3)
  3 bats
  7 frilled lizards
  11 kobolds
  5 rats
367 creatures vanquished.

Vanquished Creatures (others)
  12 plants (D:2)
12 creatures vanquished.

Grand Total: 379 creatures vanquished

Notes
Turn   | Place    | Note
-------+----------+-------------------------------------------
     0 | D:1      | sanboga the Minotaur Berserker began the quest for the Orb.
     0 | D:1      | Reached XP level 1. HP: 19/19 MP: 0/0
   128 | D:1      | Reached skill level 4 in Axes
   128 | D:1      | Reached XP level 2. HP: 14/27 MP: 1/1
   443 | D:1      | HP: 2/40 [quokka (4)]
   875 | D:1      | Found a faded altar of an unknown god.
  1041 | D:1      | Reached XP level 3. HP: 33/33 MP: 2/2
  1470 | D:2      | Reached ** piety under Trog
  1509 | D:2      | Reached skill level 5 in Axes
  1509 | D:2      | Reached XP level 4. HP: 35/40 MP: 3/3
  2223 | D:3      | Noticed Robin
  2236 | D:3      | Killed Robin
  2578 | D:3      | Reached XP level 5. HP: 38/47 MP: 4/4
  2635 | D:3      | Found a basalt altar of Yredelemnul.
  2818 | D:4      | Noticed a phantom
  2820 | D:4      | Noticed Menkaure
  2825 | D:4      | Reached skill level 6 in Axes
  2836 | D:4      | Killed Menkaure
  2837 | D:4      | Reached skill level 5 in Fighting
  2837 | D:4      | Reached XP level 6. HP: 15/56 MP: 5/5
  2838 | D:4      | Reached skill level 7 in Axes
  3245 | D:4      | Found a stormy altar of Qazlal.
  3262 | D:4      | Reached skill level 5 in Armour
  3262 | D:4      | Reached XP level 7. HP: 46/62 MP: 6/6
  3581 | D:5      | Entered Level 5 of the Dungeon
  3598 | D:5      | Reached *** piety under Trog
  3642 | D:5      | Found a glowing drain.
  3651 | Sewer    | Entered a sewer
  3952 | Sewer    | Reached **** piety under Trog
  3955 | Sewer    | Found a viscous altar of Jiyva.
  4012 | Sewer    | Reached skill level 8 in Axes
  4406 | D:5      | Found a glowing golden altar of the Shining One.
  4521 | D:5      | Found a white marble altar of Elyvilon.
  5388 | D:6      | Found a blossoming altar of Fedhas.
  5539 | D:6      | Noticed a steam dragon
  5553 | D:6      | Killed a steam dragon
  5554 | D:6      | Reached XP level 8. HP: 71/71 MP: 7/7
  5622 | D:6      | Reached skill level 9 in Axes
  6424 | D:7      | Found an ornate altar of the Wu Jian Council.
  6462 | D:7      | Reached skill level 10 in Axes
  6948 | D:7      | Found a staircase to the Ecumenical Temple.
  7039 | D:7      | Reached XP level 9. HP: 68/81 MP: 8/8
  7922 | D:8      | Reached skill level 11 in Axes
  8041 | D:8      | Found a shimmering blue altar of Sif Muna.
  9041 | D:9      | Noticed a death yak
  9041 | D:9      | Noticed a death yak
  9041 | D:9      | Noticed a death yak
  9041 | D:9      | Noticed a death yak
  9043 | D:9      | Noticed a death yak
  9043 | D:9      | Noticed a death yak
  9045 | D:9      | Noticed a death yak
  9048 | D:9      | Killed a death yak
  9049 | D:9      | Reached skill level 12 in Axes
  9050 | D:9      | Killed a death yak
  9051 | D:9      | Reached XP level 10. HP: 65/91 MP: 9/9
  9055 | D:9      | Killed a death yak
  9056 | D:9      | Reached skill level 13 in Axes
  9379 | D:9      | Killed a death yak
  9380 | D:9      | Reached skill level 10 in Fighting
  9384 | D:9      | Killed a death yak
  9388 | D:9      | Killed a death yak
  9389 | D:9      | Reached skill level 14 in Axes
  9389 | D:9      | Reached skill level 10 in Armour
  9390 | D:9      | Killed a death yak
  9685 | D:9      | Found a staircase to the Lair.
  9860 | D:9      | Reached ***** piety under Trog
 10094 | D:9      | Reached XP level 11. HP: 93/101 MP: 10/10
 10406 | Lair:1   | Entered Level 1 of the Lair of Beasts
 10416 | D:10     | Entered Level 10 of the Dungeon
 10473 | D:10     | Found a transporter.
 10478 | D:10     | Noticed a two-headed ogre
 10479 | D:10     | Noticed a flayed ghost
 10480 | D:10     | Found a transporter.
 10482 | D:10     | Found a broken altar of Ashenzari.
 10490 | D:10     | Killed a flayed ghost
 10492 | D:10     | HP: 4/151 [two-headed ogre/+0 giant club (14)]
 10493 | D:10     | Killed a two-headed ogre
 10974 | D:10     | Reached skill level 15 in Axes
 11224 | D:10     | Found an ancient bone altar of Kikubaaqudgha.
 12267 | D:11     | Noticed an eight-headed hydra
 12271 | D:11     | Killed an 11-headed hydra
 12272 | D:11     | Reached skill level 16 in Axes
 13038 | D:11     | Found the +4 robe of Augmentation {Str+4 Int+4 Dex+4}
 13287 | D:12     | Noticed a four-headed hydra
 13295 | D:12     | Killed an eight-headed hydra
 13296 | D:12     | Reached XP level 12. HP: 112/112 MP: 9/11
 13379 | D:12     | Noticed Josephine
 13389 | D:12     | Killed Josephine
 13607 | D:12     | Noticed a seven-headed hydra
 13778 | D:11     | Reached skill level 17 in Axes
 13780 | D:11     | Killed an 11-headed hydra
 14236 | D:12     | Noticed a six-headed hydra
 14243 | D:12     | Killed a ten-headed hydra
 14369 | D:12     | Found a staircase to the Orcish Mines.
 14822 | D:12     | Identified the +6 bardiche of Dowdy Untimely Demise
                  | {antimagic, rN++} (Trog gifted it to you on level 12 of the
                  | Dungeon)
 14822 | D:12     | Received a gift from Trog
 15214 | D:12     | Noticed a four-headed hydra
 15219 | D:12     | Killed a seven-headed hydra
 15667 | D:13     | Reached skill level 18 in Axes
 16392 | D:13     | Noticed a two-headed ogre
 16399 | D:13     | Killed a two-headed ogre
 16401 | D:13     | Reached XP level 13. HP: 101/123 MP: 9/12
 16916 | D:13     | Identified the +0 robe "Qeclym" {Int+3 Slay+3}
 17666 | D:13     | Reached skill level 19 in Axes
 17668 | D:13     | Mangled by a two-headed ogre

Illustrated notes

Levels and vault maps discovered:
D:1:      ebering_trefoil_twist, layout_basic, nicolae_ecumenical_lake_church,
          minmay_misc_feat_ornament
D:2:      layout_loops_ring, serial_bayou_lake_a
D:3:      layout_loops_ring, lemuel_zombie_altar_yredelemnul, uniq_robin
D:4:      layout_basic, mainiacjoe_overflow_small_starburst,
          grunt_ministairs_15, uniq_menkaure
D:5:      layout_basic, mainiacjoe_overflow_catch_the_wave,
          gup_sewer_entry_bubbles
D:6:      layout_basic, fedhas_altar_1, minivault_25
D:7:      layout_layer_cave, nzn_wu_jian_council_hall, minmay_temple_entry_ruins
D:8:      layout_basic, mainiacjoe_overflow_cross_hatched, minmay_manual_mares
D:9:      layout_irregular_city, dpeg_lair_monsters
D:10:     layout_irregular_city, kiku_gazebo_pond_becter,
          gammafunk_temple_overflow_arena
D:11:     layout_loops_ring
D:12:     layout_loops_cross, kennysheep_orc_monster_closet_entryway,
          uniq_josephine
D:13:     layout_layer_cave, hangedman_vaults_entry_quadrant_bands
Lair:1:   layout_misc_corridors, hibernation_bobbens

Skill      XL: |  1  2  3  4  5  6  7  8  9 10 11 12 13 |
---------------+----------------------------------------+-----
Axes           | 4 5 6 7 8 10 12 14 16 18 19 | 19.1
Fighting       | 4 5 6 7 9 10 12 13 14 | 14.1
Armour         | 3 4 5 6 7 9 10 12 13 | 13.8
Dodging        | |  2.1

Action                   |  1- 3 |  4- 6 |  7- 9 | 10-12 | 13-15 || total
-------------------------+-------+-------+-------+-------+-------++-------
Melee: Hand axe          |    83 |    99 |   287 |       |       ||   469
       Headbutt          |    12 |     9 |    47 |    78 |     9 ||   155
       Punch             |     1 |     1 |     2 |     5 |       ||     9
       War axe           |       |       |    50 |   331 |    38 ||   419
Invok: Berserk           |     1 |     2 |     5 |    11 |     1 ||    20
  Use: Scroll            |       |       |    12 |     7 |     2 ||    21
       Potion            |       |       |       |       |     1 ||     1
 Stab: Sleeping          |     1 |       |       |       |       ||     1
Armor: Animal skin       |     6 |       |       |       |       ||     6
       Chain mail        |    24 |     3 |       |       |       ||    27
       Plate armour      |       |    76 |   185 |   166 |    21 ||   448
Dodge: Dodged            |    43 |    32 |   125 |   184 |    27 ||   411
